 Dungeon Crawl Stone Soup version 0.26.1-11-gd32895ea62 (webtiles) character file.

Game seed: 15915686295985566131

2843 seveneves the Blocker (level 9, 0/78 HPs)
             Began as a Minotaur Fighter on July 21, 2021.
             Was a Priest of Elyvilon.
             Slain by a killer bee (8 damage)
             ... on level 7 of the Dungeon.
             The game lasted 00:46:14 (5746 turns).

seveneves the Blocker (Minotaur Fighter)            Turns: 5746, Time: 00:46:14

Health: 0/78       AC: 13    Str: 30    XL:     9   Next: 46%
Magic:  8/8        EV:  9    Int:  5    God:    Elyvilon [***...]
Gold:   70         SH: 19    Dex: 10    Spells: 8/8 levels left

rFire    . . .     SeeInvis .   y - +2 mace (holy)
rCold    + . .     Faith    .   j - +0 tower shield
rNeg     . . .     Spirit   .   u - +3 scale mail {rPois}
rPois    +         Reflect  .   (helmet restricted)
rElec    .         Harm     .   (no cloak)
rCorr    .         Rampage  .   s - +0 pair of gloves
Will     .....     Clarity  +   k - +0 pair of boots
Stlth    ..........             (no amulet)
HPRegen  0.23/turn              m - ring of protection from cold
MPRegen  0.11/turn              r - +6 ring of strength

@: lethally poisoned (0 -> -1)
A: retaliatory headbutt, horns 2, repulsion field 1, clarity
a: Renounce Religion, Lesser Healing, Heal Other, Purification, Divine
Protection


You were on level 7 of the Dungeon.
You worshipped Elyvilon.
Elyvilon was most pleased with you.
You visited 1 branch of the dungeon, and saw 7 of its levels.
You also visited: Sewer and Ossuary.

You collected 415 gold pieces.
You spent 345 gold pieces at shops.

Inventory:

Hand Weapons
 a - a +1 long sword
 d - a +2 flail of holy wrath
 x - a +0 war axe of electrocution
 y - a +2 mace of holy wrath (weapon)
Armour
 g - a +0 plate armour
 j - a +0 tower shield (worn)
 k - a +0 pair of boots (worn)
 s - a +0 pair of gloves (worn)
 u - a +3 scale mail of poison resistance (worn)
Jewellery
 e - a +6 ring of intelligence
 m - a ring of protection from cold (left hand)
 n - an uncursed ring of resist corrosion
 r - a +6 ring of strength (right hand)
Scrolls
 b - 2 scrolls of amnesia
 c - a scroll of fog
 h - a scroll of remove curse {unknown}
 l - 6 scrolls of teleportation
 q - 2 scrolls of identify
Potions
 f - 5 potions of flight
 i - a potion of cancellation
 o - a potion of brilliance
 p - a potion of haste
 t - a potion of curing
 w - a potion of ambrosia


   Skills:
 + Level 6.4 Fighting
 + Level 9.2 Long Blades
 + Level 1.5(2.2) Axes
 + Level 2.5(2.8) Maces & Flails
 + Level 7.3 Armour
 + Level 1.5 Dodging
 + Level 0.6 Stealth
 + Level 9.7 Shields
 + Level 0.3 Invocations


You had 8 spell levels left.
You didn't know any spells.
Your spell library contained the following spells:

 Spells                   Type           Power        Failure   Level
 Magic Dart               Conj           0%           100%        1
 Blink                    Tloc           N/A          100%        2
 Call Imp                 Summ           0%           100%        2
 Slow                     Hex            0%           100%        2
 Conjure Flame            Conj/Fire      0%           100%        3
 Mephitic Cloud           Conj/Pois/Air  0%           100%        3
 Bolt of Magma            Conj/Fire/Erth 0%           100%        5
 Iskenderun's Battlesphe  Conj           0%           100%        5
 Iron Shot                Conj/Erth      0%           100%        6
 Orb of Destruction       Conj           0%           100%        7
 Spellforged Servitor     Conj/Summ      0%           100%        7


Dungeon Overview and Level Annotations

Branches:
Dungeon (7/15)             Temple (0/1) D:4           Sewer (visited)
Ossuary (visited)

Altars:
Cheibriados
Dithmenos
Elyvilon
Hepliaklqana
Nemelex Xobeh
Okawaru
Sif Muna
Wu Jian
Xom
Yredelemnul
Zin

Shops:
D:7 [


Innate Abilities, Weirdness & Mutations

You reflexively headbutt those who attack you in melee.
You have a pair of horns on your head.
You are surrounded by a mild repulsion field. (EV +2)
You possess an exceptional clarity of mind.


Message History

You hit the killer bee but do no damage.
Your headbutt misses the killer bee.
The killer bee is almost dead.
You feel sick. You block the killer bee's attack.
The killer bee barely misses you. You block the killer bee's attack.
The killer bee stings you but does no damage.
You block the killer bee's attack. The killer bee barely misses you.
You closely miss the killer bee.
The killer bee is almost dead.
You feel sick. You block the killer bee's attack. x2
The killer bee closely misses you. You block the killer bee's attack.
The killer bee stings you.
* * * LOW HITPOINT WARNING * * *
Unknown command.
You miss the killer bee.
The killer bee is almost dead.
You block the killer bee's attack. x3
The killer bee stings you but does no damage.
The killer bee stings you!
You die...

#.'.⌠P_####.# #.#..P.# #.#
#.#..._P# #.### #.##..### #...#
#.#####.# ###[# #.# #.# #.# #.#
..# #.# #.####.######.#####
####.##### #.........##..@y..##
#.........
####...........y...###.........
#>...........................
#................##..........
#.!..............##..........
#............<...##'#........
#####.................'∩'........
(...>................##'#........
...........(<.......#...#)[.).##.


You could see 2 killer bees.

Vanquished Creatures
  Grinder (D:3)
  Sigmund (D:3)
  Menkaure (D:4)
  2 orc warriors
  2 sky beasts
  2 phantoms
  An ogre (D:5)
  2 centaurs
  A wyvern zombie (D:7)
  2 scorpions
  A killer bee (D:7)
  A howler monkey (D:6)
  A lava snake (D:7)
  2 bullfrog zombies
  A quasit (D:7)
  A human zombie (Ossuary)
  4 hounds
  2 jellies
  8 orc wizards
  A centaur skeleton (D:5)
  3 orc priests
  A bullfrog skeleton (D:4)
  An iguana (D:6)
  Natasha (twice) (D:2)
  A worker ant (D:6)
  A merfolk siren (Sewer)
  A merfolk avatar (Sewer)
  A killer bee zombie (D:5)
  3 big kobold zombies (Ossuary)
  3 mummies
  3 gnolls (D:6)
  A worker ant zombie (D:6)
  12 adders
  2 river rats
  2 white imps
  An ooze (D:2)
  An adder skeleton (D:5)
  2 adder zombies
  2 worms (D:6)
  3 dart slugs
  9 leopard geckos
  22 orcs
  6 ball pythons
  5 giant cockroaches
  6 goblins
  9 hobgoblins
  5 jackals (D:5)
  6 quokkas
  4 bats
  9 frilled lizards
  3 goblin zombies
  6 hobgoblin zombies (Ossuary)
  A jackal zombie (Ossuary)
  8 kobolds
  15 kobold zombies
  A leopard gecko skeleton (D:4)
  A leopard gecko zombie (D:6)
  8 orc zombies (Ossuary)
  30 rats
  A rat zombie (Ossuary)
  A bush (D:7)
239 creatures vanquished.

Vanquished Creatures (others)
  A river rat (D:6)
  12 plants
13 creatures vanquished.

Grand Total: 252 creatures vanquished

Notes
Turn   | Place    | Note
-------+----------+-------------------------------------------
     0 | D:1      | seveneves the Minotaur Fighter began the quest for the Orb.
     0 | D:1      | Reached XP level 1. HP: 19/19 MP: 0/0
   218 | D:1      | Reached XP level 2. HP: 23/27 MP: 1/1
  1028 | D:2      | Reached XP level 3. HP: 33/33 MP: 2/2
  1123 | D:2      | Noticed Natasha
  1128 | D:2      | Killed Natasha
  1179 | D:2      | Reached XP level 4. HP: 35/40 MP: 3/3
  1317 | D:2      | Noticed Natasha
  1323 | D:2      | Killed Natasha
  1674 | D:3      | Reached skill level 5 in Shields
  1674 | D:3      | Reached XP level 5. HP: 26/46 MP: 4/4
  1756 | D:3      | Reached skill level 5 in Armour
  1763 | D:3      | Gained mutation: You are surrounded by a mild repulsion
                  | field. (EV +2) [potion of mutation]
  1763 | D:3      | Gained mutation: You possess an exceptional clarity of
                  | mind. [potion of mutation]
  1857 | D:3      | Noticed Sigmund
  1878 | D:3      | Killed Sigmund
  1879 | D:3      | Reached XP level 6. HP: 22/53 MP: 5/5
  1931 | D:3      | Noticed Grinder
  1986 | D:3      | Killed Grinder
  1987 | D:3      | Reached skill level 5 in Long Blades
  1987 | D:3      | Reached skill level 1 in Dodging
  1987 | D:3      | Reached XP level 7. HP: 32/60 MP: 6/6
  2525 | D:4      | Found a white marble altar of Elyvilon.
  2548 | D:4      | Became a worshipper of Elyvilon the Healer
  2640 | D:4      | Found a staircase to the Ecumenical Temple.
  2737 | D:4      | Noticed Menkaure
  2749 | D:4      | Killed Menkaure
  2750 | D:4      | Reached skill level 5 in Fighting
  2823 | D:4      | Found a sand-covered staircase.
  2830 | Ossuary  | Entered an ossuary
  2888 | Ossuary  | Reached * piety under Elyvilon
  2948 | Ossuary  | Reached XP level 8. HP: 31/68 MP: 7/7
  3124 | D:4      | Found a snail-covered altar of Cheibriados.
  3531 | D:5      | Entered Level 5 of the Dungeon
  3961 | D:5      | Reached ** piety under Elyvilon
  4014 | D:5      | Found a sparkling altar of Nemelex Xobeh.
  4263 | D:6      | Found a glowing drain.
  4300 | Sewer    | Entered a sewer
  4708 | D:6      | Reached XP level 9. HP: 75/75 MP: 8/8
  4969 | D:6      | Noticed an angel
  4970 | D:6      | Found a glowing silver altar of Zin.
  4970 | D:6      | Found a shimmering altar of Xom.
  5096 | D:6      | Found a hazy altar of Hepliaklqana.
  5110 | D:6      | Found a shadowy altar of Dithmenos.
  5385 | D:6      | Found an ornate altar of the Wu Jian Council.
  5538 | D:7      | Reached skill level 1 in Axes
  5600 | D:7      | Reached *** piety under Elyvilon
  5600 | D:7      | Found Fujit's Armour Shoppe.
  5615 | D:7      | Bought a +3 scale mail of poison resistance for 345 gold
                  | pieces
  5685 | D:7      | Found a basalt altar of Yredelemnul.
  5685 | D:7      | Found an iron altar of Okawaru.
  5685 | D:7      | Found a shimmering blue altar of Sif Muna.
  5746 | D:7      | Slain by a killer bee

Illustrated notes

Levels and vault maps discovered:
D:1:      matt_arrival_spirals, layout_basic
D:2:      layout_rooms, grunt_ministairs_14, serial_bayou_lagoon_b, uniq_natasha
D:3:      layout_basic, serial_bayou_lake_a, uniq_grinder, uniq_sigmund
D:4:      layout_cave_pools, elyvilon_altar_3, lemuel_round_altar,
          kennysheep_slug_shrine, minmay_temple_entry_poolview, serial_rivers,
          chequers_serial_rivers_micro_e, chequers_serial_rivers_micro_d,
          chequers_serial_rivers_small_3, chequers_serial_rivers_marsh,
          chequers_serial_rivers_small_a, chequers_serial_rivers_micro_e,
          nicolae_ossuary_entry_giza, kennysheep_path_1, uniq_menkaure
D:5:      layout_loops_cross, general_overflow_altar
D:6:      layout_basic, grunt_temple_overflow_order_and_chaos_1,
          riverfiend_overflow_shadow_ancestor, pdpol_wu_jian_five_deadly_venoms,
          cheibrodos_sewer_entry_sluice
D:7:      layout_rooms, gammafunk_temple_overflow_forgotten, serial_shops,
          kennysheep_mini, kennysheep_doodads

Skill      XL: |  1  2  3  4  5  6  7  8  9 |
---------------+----------------------------+-----
Shields        | 4 5 6 7 8 9 |  9.7
Armour         | 4 5 6 7 |  7.3
Fighting       | 4 5 6 |  6.4
Long Blades    | 3 4 5 6 8 9 |  9.2
Dodging        | 1 |  1.5
Axes           | 1 |  1.5
Maces & Flails | 2 |  2.5
Stealth        | |  0.6
Invocations    | |  0.3

Action                   |  1- 3 |  4- 6 |  7- 9 || total
-------------------------+-------+-------+-------++-------
Melee: Long sword        |    88 |   108 |   457 ||   653
       Headbutt          |     8 |    19 |   120 ||   147
       Mace              |       |       |    76 ||    76
       War axe           |       |       |    30 ||    30
Invok: Lesser Healing    |       |       |     5 ||     5
  Use: Scroll            |     2 |     5 |     6 ||    13
       Potion            |       |     7 |     5 ||    12
 Stab: Fleeing           |       |       |     1 ||     1
Armor: Scale mail        |    14 |       |    18 ||    32
       Plate armour      |    34 |    46 |   172 ||   252
Dodge: Dodged            |    18 |     9 |    98 ||   125
Block: Kite shield       |    18 |       |       ||    18
       Tower shield      |    41 |    92 |   483 ||   616
       Rpst.: Long sword |     4 |     2 |    13 ||    19
